 Dungeon Sprint DCSS version 0.18.1-50-g88ac8fd (webtiles) character file.

71 potatolord6000 the Shooter (level 4, -4/33 HPs)
             Began as a High Elf Arcane Marksman on Aug 23, 2017.
             Was an Initiate of Gozag.
             Slain by a tarantella (13 damage)
             ... in the Dungeon (Sprint V: "Ziggurat Sprint").
             The game lasted 00:03:14 (130 turns).

potatolord6000 the Shooter (HEAM)                    Turns: 130, Time: 00:03:15

Health: -4/33      AC:  2    Str: 15    XL:     4   Next: 5%
Magic:  8/11       EV: 23    Int: 16    God:    Gozag
Gold:   13         SH:  0    Dex: 33    Spells: 1 memorised, 10 levels left

rFire  . . .     SeeInvis .     C - +5 quick blade
rCold  . . .     Gourm    .     b - +0 robe
rNeg   . . .     Faith    .     (no shield)
rPois  .         Spirit   .     (no helmet)
rElec  .         Dismiss  .     (no cloak)
rCorr  .         Reflect  .     (no gloves)
SustAt .         Harm     .     (no boots)
MR     .....     NoTele   +     (no amulet)
Stlth  +++.......               B - +6 ring of dexterity
                                y - +6 ring of dexterity

@: mighty, agile, gold aura, very slightly contaminated, hasted, very quick, not
resistant to hostile enchantments, fairly stealthy
A: no striking features
a: Potion Petition, Call Merchant, Bribe Branch, Renounce Religion


You were in the Dungeon.
You worshipped Gozag.
Gozag was noncommittal.
You were not hungry.

You visited 1 branch You collected 13 gold pieces.

Inventory:

Hand Weapons
 C - a +5 quick blade (weapon)
 D - the +7 longbow "Piercer" {penet, EV-2}
   (You found it in the Dungeon)

   Ammo fired by it will pass through the targets it hits, potentially hitting
   all targets in its path until it reaches maximum range.
   It affects your evasion (-2).
Missiles
 d - 1018 arrows
Armour
 b - a +0 robe (worn)
Jewellery
 y - a +6 ring of dexterity (left hand)
 B - a +6 ring of dexterity (right hand)
Scrolls
 k - 4 scrolls of blinking
 r - 4 scrolls of amnesia
 s - 3 scrolls of recharging
 t - 7 scrolls of fog
 u - a scroll of holy word
 v - 5 scrolls of identify
 w - 5 scrolls of remove curse
 x - 2 scrolls of fear
Potions
 e - 10 potions of curing
 g - 10 potions of heal wounds
 h - 5 potions of haste
 i - 7 potions of magic
 j - 3 potions of berserk rage
 l - 2 potions of brilliance
 m - 2 potions of invisibility
 n - 4 potions of resistance
 p - 4 potions of agility
 q - 4 potions of might
Books
 c - a book of Debilitation

   Spells                             Type                      Level
   a - Corona                         Hexes                        1
   b - Slow                           Hexes                        2
   c - Gell's Gravitas                Hexes/Translocation          3
   d - Inner Flame                    Hexes/Fire                   3
   e - Cause Fear                     Hexes                        4
   f - Leda's Liquefaction            Hexes/Earth                  4
Comestibles
 f - 5 bread rations
 z - 42 fruits
 A - 4 meat rations


   Skills:
 + Level 3.9 Fighting
 + Level 4.3 Short Blades
 + Level 5.6 Bows
 + Level 4.8 Dodging
 + Level 4.2 Spellcasting
 + Level 4.8 Hexes


You had 10 spell levels left.
You knew the following spells:

 Your Spells              Type           Power        Failure   Level  Hunger
a - Corona                Hex            ###....      2%          1    None


Dungeon Overview and Level Annotations

Branches:
Dungeon (1/1)

Altars:
Ashenzari
Cheibriados
Dithmenos
Elyvilon
Fedhas
Gozag
Kikubaaqudgha
Makhleb
Nemelex Xobeh
Okawaru
Pakellas
Qazlal
Ru
Sif Muna
Trog
Vehumet
Xom
Yredelemnul
Zin
The Shining One
Beogh
Jiyva
Lugonu


Message History

The jumping spider bites you.
You struggle to detach yourself from the web.
The jumping spider is no longer distracted by gold.
The jumping spider is distracted by your gold.
You disentangle yourself.
The jumping spider leaps!
The jumping spider hisses angrily.
You puncture the jumping spider!
The jumping spider is no longer distracted by gold.
The jumping spider is heavily wounded.
The tarantella completely misses you.
You puncture the jumping spider!
The jumping spider is severely wounded.
The jumping spider leaps!
The jumping spider misses you. The jumping spider bites you.
* * * LOW HITPOINT WARNING * * *
You puncture the jumping spider!
The jumping spider is almost dead.
The tarantella bites you!
You die...
Your body crumbles into a pile of gold.

▓▓▓▓▓▓▓▓▓▓▓▓▓
▓(8©8.▓.8©8.▓
▓§"|}.▓.....▓
▓(.§.s▓.:.).▓
▓.....▓.....▓
▓.....▓.....▓
▓..ss.▓.....▓
▓..@..▓▓▓▓▓▓▓
▓▓▓▓▓▓▓


You could see 2 jumping spiders and a tarantella.

Vanquished Creatures
  2 quasits (D)
2 creatures vanquished.

Notes
Turn   | Place    | Note
--------------------------------------------------------------
     0 | D        | potatolord6000 the High Elf Arcane Marksman began the quest for the Orb.
     0 | D        | Reached XP level 1. HP: 13/13 MP: 3/3
     0 | D        | Found a viscous altar of Jiyva.
     0 | D        | Found a roughly hewn altar of Beogh.
     0 | D        | Found a corrupted altar of Lugonu.
     0 | D        | Found a white marble altar of Elyvilon.
     0 | D        | Found a sparkling altar of Nemelex Xobeh.
     1 | D        | Found a burning altar of Makhleb.
     1 | D        | Found an iron altar of Okawaru.
     1 | D        | Found a deep blue altar of Sif Muna.
     1 | D        | Found a radiant altar of Vehumet.
     1 | D        | Found a bloodstained altar of Trog.
     1 | D        | Found a shimmering altar of Xom.
    80 | D        | Became a worshipper of Gozag Ym Sagoz the Greedy
    92 | D        | Entered arena 1.
    92 | D        | Noticed a quasit
    92 | D        | Noticed a quasit
    93 | D        | Reached skill level 4 in Bows
    93 | D        | Reached XP level 2. HP: 21/21 MP: 4/7
   102 | D        | Reached skill level 5 in Bows
   102 | D        | Reached XP level 3. HP: 17/26 MP: 5/9
   110 | D        | Reached XP level 4. HP: 22/33 MP: 6/11
   121 | D        | Entered arena 2.
   121 | D        | Noticed a jumping spider
   121 | D        | Noticed a tarantella
   121 | D        | Noticed a jumping spider
   130 | D        | Slain by a tarantella

Skill      XL: |  1  2  3 |
---------------+----------+-----
Fighting       | 3 |  3.9
Short Blades   | 3 4 |  4.3
Bows           | 4 5 |  5.6
Dodging        | 3 4 |  4.8
Spellcasting   | 3 4 |  4.2
Hexes          | 4 |  4.8

Action                   |  1- 3 |  4- 6 || total
-------------------------+-------+-------++-------
Melee: Quick blade       |    13 |     3 ||    16
 Fire: Longbow           |       |     2 ||     2
  Use: Potion            |     4 |       ||     4
Armor: Robe              |     5 |       ||     5
Dodge: Dodged            |    37 |     2 ||    39
